 Dungeon Crawl Stone Soup version 0.31-a0-222-gefeffbb62a (webtiles) character file.

Game seed: 16194983649045319701

4665 qw the Cleaver (level 10, 0/70 HPs)
             Began as a Gargoyle Fighter on July 5, 2023.
             Slain by a killer bee (1 damage)
             ... on level 8 of the Dungeon.
             The game lasted 00:04:38 (7107 turns).

qw the Cleaver (Gargoyle Fighter)                   Turns: 7107, Time: 00:04:38

Health: 0/70       AC: 23    Str: 22    XL:     10   Next: 44%
Magic:  10/10      EV:  7    Int: 14    God:
Gold:   441        SH:  5    Dex: 14    Spells: 9/9 levels left

rFire   + . .        Y - +1 war axe (heavy)
rCold   + . .        c - +0 buckler
rNeg    + . .        k - +0 plate armour
rPois   inf          f - +2 hat
rElec   +            j - scarf {rC+ rF+}
rCorr   .            (no gloves)
SInv    .            (no boots)
Will    +....        (no amulet) Stlth
                     b - +6 ring of dexterity
HPRegen 0.31/turn    o - ring of willpower
MPRegen 0.12/turn

%: no passive effects
@: about to teleport
A: sickness immunity, AC +7, negative energy resistance 1, electricity
resistance, torment resistance 1, petrification resistance, horns 1, iridescent
scales 1, clever 1, robust 1
a: no special abilities


You were on level 8 of the Dungeon.
You visited 2 branches of the dungeon, and saw 9 of its levels.
You also visited: Ossuary.

You collected 441 gold pieces.


Innate Abilities, Weirdness & Mutations

You are immune to sickness and miasma.
Your stone body is resilient. (AC +7)
You are immune to poison.
You resist negative energy. (rN+)
You are resistant to electric shocks. (rElec)
You are resistant to unholy torment.
You are immune to petrification.
You have a pair of small horns on your head.
You are partially covered in iridescent scales. (AC +2)
Your mind is acute. (Int +4, Str/Dex -1)
You are robust. (+10% HP)


   Skills:
 - Level 8.2 Fighting
 - Level 11.0 Axes
 - Level 1.4 Throwing
 + Level 4.9 Armour
 - Level 2.1 Dodging
 - Level 5.2 Shields


You had 9 spell levels left.
You didn't know any spells.
Your spell library was empty.

Inventory:

Hand Weapons
 g - a +0 morningstar
 Y - a +1 heavy war axe (weapon)
Armour
 c - a +0 buckler (worn)
 f - a +2 hat (worn)
 j - a scarf of resistance (worn)
 k - a +0 plate armour (worn)
Jewellery
 b - a +6 ring of dexterity (left hand)
 e - a ring of protection from fire
 o - a ring of willpower (right hand)
Scrolls
 a - 5 scrolls of identify
Potions
 d - a potion of might
 h - 3 potions of attraction
 i - 3 potions of enlightenment
 l - 4 potions of curing
 n - 3 potions of haste
 s - a potion of mutation
 v - a potion of resistance

Dungeon Overview and Level Annotations

Branches:
Dungeon (8/15)             Temple (1/1) D:4         Ossuary (visited)
   Lair: D:8-11

Altars:
Ashenzari
Cheibriados
Dithmenos
Elyvilon
Hepliaklqana
Kikubaaqudgha
Makhleb
Nemelex Xobeh
Ru
Sif Muna
Trog
Uskayaw
Wu Jian
Xom
Yredelemnul
Zin
The Shining One

Annotations:
D:2 1 runed translucent door, Crazy Yiuf


Message History

You miss the killer bee.
The killer bee is lightly wounded.
You closely miss the white ugly thing.
The steam dragon hisses angrily.
You slash the wyvern!
You hear a shout!
The killer bee stings you but does no damage.
The wyvern bites you but does no damage.
The killer bee stings you but does no damage.
The wyvern bites you but does no damage.
The white ugly thing pecks you. The white ugly thing freezes you! You resist.
The killer bee stings you but does no damage.
The wyvern bites you but does no damage.
You slice the wyvern!!
You kill the wyvern!
You hit the white ugly thing. You hit the killer bee.
You barely miss the killer bee. The killer bee barely misses you.
You block the killer bee's attack.
The killer bee stings you but does no damage.
The white ugly thing barely misses you.
The killer bee stings you but does no damage.
The killer bee stings you. x2
You miss the killer bee.
The killer bee is lightly wounded.
You miss the killer bee. You slice the killer bee!!
You kill the killer bee!
You hit the white ugly thing.
The killer bee stings you. x2; The white ugly thing pecks you.
The white ugly thing freezes you. You resist.
The killer bee stings you but does no damage.
The killer bee stings you. The white ugly thing pecks you.
The white ugly thing freezes you! You resist.
An orc priest comes into view. It is wielding a +0 mace.
The killer bee barely misses you.
The killer bee stings you but does no damage.
7107 ||| READING scroll of teleportation.
As you read the scroll of teleportation, it crumbles to dust.
You feel strangely unstable. The killer bee stings you.
You die...

. #o .#
...###.#.###o# ##
.......#.....#.y.
...............
............. ..
#...#.....# ###..
#.....##D###.....
#....#u.........
#..@yY###.....
##...y###.....
##.........#
#..........#
......###...# ##.....
##..# ....... ##.# .
.........###.#####...
.....#......#...<...


You could see a white ugly thing, a yak, a steam dragon, 2 killer bees and an
orc priest.

Vanquished Creatures
  A two-headed ogre (D:6)
  Pikel (D:6)
  Maggie (D:6)
  Prince Ribbit (D:5)
  A wyvern (D:8)
  Eustachio (D:6)
  A steam dragon (D:7)
  3 water moccasins
  An orc warrior (D:7)
  2 ice beasts
  2 ogres
  A lemure (D:6)
  A centaur (D:6)
  Blork the orc (D:6)
  An elf zombie (Ossuary)
  2 bullfrogs (D:6)
  4 scorpions
  6 killer bees
  An oklob sapling (D:4)
  3 howler monkeys
  A centaur zombie (Ossuary)
  6 hounds
  3 jellies
  2 orc priests
  A sleepcap (D:6)
  A gnoll bouda (D:7)
  2 iguanas (D:6)
  Terence (D:3)
  2 orc wizards
  4 ogre zombies (Ossuary)
  8 mummies
  8 gnolls
  12 adders
  A shadow imp (D:6)
  A white imp (D:6)
  An ufetubus (D:4)
  An adder zombie (Ossuary)
  2 worms (D:2)
  A dart slug (D:2)
  22 orcs
  7 ball pythons
  11 endoplasms
  2 giant cockroaches
  10 goblins
  4 hobgoblins
  6 jackals
  5 quokkas
  9 bats
  4 frilled lizards
  3 goblin zombies (Ossuary)
  10 hobgoblin zombies
  8 kobolds
  A kobold zombie (Ossuary)
  2 orc zombies
  6 quokka zombies (Ossuary)
  3 rats (D:1)
  3 rat zombies (Ossuary)
209 creatures vanquished.

Notes
Turn   | Place    | Note
-------+----------+-------------------------------------------
     0 | D:1      | qw the Gargoyle Fighter began the quest for the Orb.
     0 | D:1      | Reached XP level 1. HP: 14/14 MP: 1/1
     0 | D:1      | 0 ||| qw: Version: 0.3-a-46-gb1f654a
     0 | D:1      | 0 ||| qw: Game counter: 985
     0 | D:1      | 0 ||| qw: Melee chars always use a shield: true
     0 | D:1      | 0 ||| qw: God list: Okawaru
     0 | D:1      | 0 ||| qw: Allow faded altars: false
     0 | D:1      | 0 ||| qw: Do Orc after clearing Dungeon:15 true
     0 | D:1      | 0 ||| qw: Do second Lair branch before Depths: true
     0 | D:1      | 0 ||| qw: Lair rune preference: random
     0 | D:1      | 0 ||| qw: Goals: Normal, Zot:1-4, Slime:5, God:TSO, Crypt,
                  | Tomb, Abyss, Pan, Hells, Win
     0 | D:1      | 0 ||| PLANNING D:1-11
    71 | D:1      | Reached skill level 2 in Axes
    75 | D:1      | 75 ||| DROPPING +0 mace.
   191 | D:1      | Reached XP level 2. HP: 19/19 MP: 2/2
   355 | D:1      | 355 ||| Stepping ~*~*~tactically~*~*~ (stealth).
   505 | D:1      | Reached skill level 3 in Axes
   506 | D:1      | 506 ||| FLEEEEING.
   507 | D:1      | 507 ||| FLEEEEING.
   508 | D:1      | 508 ||| FLEEEEING.
   509 | D:1      | 509 ||| FLEEEEING.
   579 | D:1      | 579 ||| Stepping ~*~*~tactically~*~*~ (hiding).
   591 | D:1      | Reached XP level 3. HP: 22/23 MP: 3/3
  1014 | D:1      | 1014 ||| UPGRADING to scarf of resistance.
  1019 | D:1      | 1019 ||| UPGRADING to ring of protection from fire.
  1020 | D:1      | 1020 ||| READING 2 scrolls labelled XOMNUT VOTA.
  1021 | D:1      | 1021 ||| READING 2 scrolls labelled REUHIREKLA.
  1022 | D:1      | 1022 ||| DRINKING 2 glowing green potions.
  1023 | D:1      | 1023 ||| DROPPING scroll of amnesia.
  1024 | D:1      | 1024 ||| DROPPING scroll of fog.
  1071 | D:2      | 1071 ||| Stepping ~*~*~tactically~*~*~ (stealth).
  1072 | D:2      | 1072 ||| Stepping ~*~*~tactically~*~*~ (stealth).
  1143 | D:2      | 1143 ||| Stepping ~*~*~tactically~*~*~ (hiding).
  1153 | D:2      | Reached XP level 4. HP: 27/28 MP: 4/4
  1163 | D:2      | Reached skill level 4 in Axes
  1184 | D:2      | Found a shimmering blue altar of Sif Muna.
  1224 | D:2      | 1224 ||| Stepping ~*~*~tactically~*~*~ (stealth).
  1226 | D:2      | 1226 ||| Stepping ~*~*~tactically~*~*~ (stealth).
  1297 | D:2      | Identified the staff "Itamni" {rElec rF+ Stlth+ Fire}
  1481 | D:2      | 1481 ||| FLEEEEING.
  1494 | D:2      | 1494 ||| Stepping ~*~*~tactically~*~*~ (hiding).
  1504 | D:2      | Reached XP level 5. HP: 32/32 MP: 5/5
  1744 | D:2      | Found a runed translucent door.
  1745 | D:2      | Noticed Crazy Yiuf
  1748 | D:2      | 1748 ||| READING 3 scrolls labelled MIDEMA ZAUCW.
  1749 | D:2      | 1749 ||| READING scroll labelled RUIHUB VAUWU.
  1750 | D:2      | 1750 ||| READING 2 scrolls of identify.
  1750 | D:2      | 1750 ||| IDENTIFYING puce potion
  1837 | D:3      | Found a burning altar of Makhleb.
  1966 | D:3      | Noticed Terence
  1979 | D:3      | Killed Terence
  2075 | D:3      | 2075 ||| Stepping ~*~*~tactically~*~*~ (hiding).
  2076 | D:3      | 2076 ||| Stepping ~*~*~tactically~*~*~ (hiding).
  2077 | D:3      | 2077 ||| Stepping ~*~*~tactically~*~*~ (hiding).
  2078 | D:3      | 2078 ||| Stepping ~*~*~tactically~*~*~ (hiding).
  2079 | D:3      | 2079 ||| Stepping ~*~*~tactically~*~*~ (hiding).
  2090 | D:3      | Reached skill level 5 in Axes
  2092 | D:3      | 2092 ||| FLEEEEING.
  2093 | D:3      | 2093 ||| FLEEEEING.
  2094 | D:3      | 2094 ||| FLEEEEING.
  2234 | D:3      | 2234 ||| Stepping ~*~*~tactically~*~*~ (stealth).
  2236 | D:3      | 2236 ||| Stepping ~*~*~tactically~*~*~ (hiding).
  2238 | D:3      | 2238 ||| Stepping ~*~*~tactically~*~*~ (hiding).
  2276 | D:3      | 2276 ||| DRINKING potion of curing.
  2276 | D:3      | 2276 ||| (to cure confusion)
  2459 | D:3      | 2459 ||| UPGRADING to +0 chain mail.
  2469 | D:3      | 2469 ||| DROPPING +0 scale mail.
  2470 | D:3      | 2470 ||| UPGRADING to ring of willpower.
  2471 | D:3      | 2471 ||| READING scroll labelled LUTOPI MAEBYO.
  2472 | D:3      | 2472 ||| READING scroll labelled JUCLE DEMEPP.
  2495 | D:3      | 2495 ||| DRINKING 4 ruby potions.
  2530 | D:4      | Reached XP level 6. HP: 38/38 MP: 6/6
  2535 | D:4      | 2535 ||| Stepping ~*~*~tactically~*~*~ (hiding).
  2853 | D:4      | 2853 ||| Stepping ~*~*~tactically~*~*~ (stealth).
  2976 | D:4      | Noticed an ice beast
  2985 | D:4      | Killed an ice beast
  2986 | D:4      | Reached skill level 6 in Axes
  3056 | D:4      | Found a staircase to the Ecumenical Temple.
  3057 | D:4      | 3057 ||| PLANNING TEMPLE
  3063 | D:4      | 3063 ||| Stepping randomly (stuck).
  3064 | D:4      | 3064 ||| Stepping randomly (stuck).
  3065 | D:4      | 3065 ||| Stepping randomly (stuck).
  3066 | D:4      | 3066 ||| Stepping randomly (stuck).
  3067 | D:4      | 3067 ||| Stepping randomly (stuck).
  3068 | D:4      | 3068 ||| Stepping randomly (stuck).
  3069 | D:4      | 3069 ||| Stepping randomly (stuck).
  3070 | D:4      | 3070 ||| Stepping randomly (stuck).
  3071 | D:4      | 3071 ||| Stepping randomly (stuck).
  3072 | D:4      | 3072 ||| Stepping randomly (stuck).
  3073 | D:4      | 3073 ||| Stepping randomly (stuck).
  3074 | D:4      | 3074 ||| Stepping randomly (stuck).
  3075 | D:4      | 3075 ||| Stepping randomly (stuck).
  3076 | D:4      | 3076 ||| Stepping randomly (stuck).
  3077 | D:4      | 3077 ||| Stepping randomly (stuck).
  3078 | D:4      | 3078 ||| Stepping randomly (stuck).
  3079 | D:4      | 3079 ||| Stepping randomly (stuck).
  3080 | D:4      | 3080 ||| Stepping randomly (stuck).
  3086 | D:4      | Reached skill level 1 in Dodging
  3086 | D:4      | Reached XP level 7. HP: 24/43 MP: 7/7
  3159 | Temple   | Entered the Ecumenical Temple
  3333 | Temple   | 3333 ||| PLANNING D:1-11
  3353 | D:4      | 3353 ||| Stepping ~*~*~tactically~*~*~ (stealth).
  3428 | D:4      | 3428 ||| Stepping ~*~*~tactically~*~*~ (stealth).
  3494 | D:4      | 3494 ||| Stepping ~*~*~tactically~*~*~ (stealth).
  3497 | D:4      | 3497 ||| Stepping ~*~*~tactically~*~*~ (hiding).
  3498 | D:4      | 3498 ||| Stepping ~*~*~tactically~*~*~ (hiding).
  3499 | D:4      | 3499 ||| Stepping ~*~*~tactically~*~*~ (hiding).
  3500 | D:4      | 3500 ||| Stepping ~*~*~tactically~*~*~ (hiding).
  3546 | D:4      | 3546 ||| Stepping ~*~*~tactically~*~*~ (stealth).
  3736 | D:4      | 3736 ||| READING scroll labelled NAER MAOXUTUITH.
  3741 | D:4      | 3741 ||| READING 3 scrolls of identify.
  3741 | D:4      | 3741 ||| IDENTIFYING lumpy ruby potion
  3742 | D:4      | 3742 ||| DROPPING potion of brilliance.
  3757 | D:5      | Entered Level 5 of the Dungeon
  3758 | D:5      | 3758 ||| PLANNING OSSUARY
  3796 | D:5      | Found a sand-covered staircase.
  3799 | D:5      | 3799 ||| Stepping ~*~*~tactically~*~*~ (stealth).
  3800 | D:5      | 3800 ||| UPGRADING to +6 ring of dexterity.
  3805 | Ossuary  | Entered an ossuary
  4099 | Ossuary  | Reached skill level 7 in Axes
  4450 | Ossuary  | 4450 ||| READING scroll labelled UDDUPOYNGI.
  4451 | Ossuary  | 4451 ||| READING scroll labelled VYQEUT KOSIDUG.
  4452 | Ossuary  | 4452 ||| READING scroll labelled OHIRIL CUHAYCOMNA.
  4453 | Ossuary  | 4453 ||| READING scroll labelled GOIRRE KUONA.
  4453 | Ossuary  | Identified a scroll of acquirement
  4453 | Ossuary  | 4453 ||| ACQUIRING +1 hat
  4453 | Ossuary  | Acquired a +1 hat
  4455 | Ossuary  | 4455 ||| UPGRADING to +1 hat.
  4460 | Ossuary  | 4460 ||| READING scroll of enchant armour.
  4460 | Ossuary  | 4460 ||| ENCHANTING +1 hat.
  4461 | Ossuary  | 4461 ||| READING 4 scrolls of identify.
  4461 | Ossuary  | 4461 ||| IDENTIFYING clear potion
  4462 | Ossuary  | 4462 ||| READING 3 scrolls of identify.
  4462 | Ossuary  | 4462 ||| IDENTIFYING bubbling golden potion
  4463 | Ossuary  | 4463 ||| READING 2 scrolls of identify.
  4463 | Ossuary  | 4463 ||| IDENTIFYING blue potion
  4464 | Ossuary  | 4464 ||| DROPPING potion of degeneration.
  4465 | Ossuary  | 4465 ||| DROPPING potion of ambrosia.
  4474 | D:5      | 4474 ||| PLANNING D:1-11
  4477 | D:5      | 4477 ||| Stepping ~*~*~tactically~*~*~ (stealth).
  4535 | D:5      | Reached XP level 8. HP: 49/49 MP: 8/8
  4549 | D:5      | 4549 ||| Stepping ~*~*~tactically~*~*~ (stealth).
  4589 | D:5      | 4589 ||| Stepping ~*~*~tactically~*~*~ (stealth).
  4615 | D:5      | 4615 ||| Stepping ~*~*~tactically~*~*~ (stealth).
  4747 | D:5      | Noticed Prince Ribbit
  4765 | D:5      | Killed Prince Ribbit
  4766 | D:5      | Reached skill level 8 in Axes
  5177 | D:5      | 5177 ||| DRINKING 2 glowing ruby potions.
  5177 | D:5      | Gained mutation: Your mind is acute. (Int +4, Str/Dex -1)
                  | [potion of mutation]
  5177 | D:5      | Gained mutation: You have a pair of small horns on your
                  | head. [potion of mutation]
  5177 | D:5      | Gained mutation: You are robust. (+10% HP) [potion of
                  | mutation]
  5177 | D:5      | Gained mutation: You are partially covered in iridescent
                  | scales. (AC +2) [potion of mutation]
  5194 | D:5      | 5194 ||| READING 3 scrolls of identify.
  5194 | D:5      | 5194 ||| IDENTIFYING bubbling red potion
  5231 | D:6      | Reached skill level 6 in Fighting
  5336 | D:6      | Noticed Maggie
  5337 | D:6      | 5337 ||| Stepping ~*~*~tactically~*~*~ (hiding).
  5352 | D:6      | Killed Maggie
  5353 | D:6      | Reached skill level 9 in Axes
  5460 | D:6      | 5460 ||| SWAPPING to +1 heavy war axe.
  5461 | D:6      | 5461 ||| DROPPING +0 heavy war axe.
  5478 | D:6      | 5478 ||| Stepping ~*~*~tactically~*~*~ (stealth).
  5485 | D:6      | Reached XP level 9. HP: 58/60 MP: 9/9
  5498 | D:6      | 5498 ||| Stepping ~*~*~tactically~*~*~ (stealth).
  5499 | D:6      | 5499 ||| Stepping ~*~*~tactically~*~*~ (stealth).
  5552 | D:6      | Reached skill level 1 in Throwing
  5584 | D:6      | Noticed Blork the orc
  5585 | D:6      | 5585 ||| Stepping ~*~*~tactically~*~*~ (hiding).
  5586 | D:6      | 5586 ||| Stepping ~*~*~tactically~*~*~ (hiding).
  5587 | D:6      | 5587 ||| Stepping ~*~*~tactically~*~*~ (hiding).
  5588 | D:6      | 5588 ||| Stepping ~*~*~tactically~*~*~ (hiding).
  5601 | D:6      | Killed Blork the orc
  5637 | D:6      | Noticed Eustachio
  5639 | D:6      | 5639 ||| Stepping ~*~*~tactically~*~*~ (stealth).
  5672 | D:6      | Killed Eustachio
  5890 | D:6      | Noticed Pikel
  5903 | D:6      | Killed Pikel
  6044 | D:6      | Noticed a two-headed ogre
  6046 | D:6      | 6046 ||| Stepping ~*~*~tactically~*~*~ (hiding).
  6052 | D:6      | Killed a two-headed ogre
  6053 | D:6      | Reached skill level 10 in Axes
  6053 | D:6      | Reached XP level 10. HP: 45/70 MP: 10/10
  6316 | D:7      | 6316 ||| Stepping ~*~*~tactically~*~*~ (stealth).
  6360 | D:7      | HP: 14/70 [gnoll/+0 halberd[a gnoll bouda] (11)]
  6361 | D:7      | 6361 ||| READING scroll of teleportation.
  6362 | D:7      | 6362 ||| DRINKING potion of heal wounds.
  6388 | D:7      | 6388 ||| Stepping ~*~*~tactically~*~*~ (stealth).
  6389 | D:7      | 6389 ||| Stepping ~*~*~tactically~*~*~ (stealth).
  6395 | D:7      | 6395 ||| Stepping ~*~*~tactically~*~*~ (stealth).
  6482 | D:7      | 6482 ||| Stepping ~*~*~tactically~*~*~ (hiding).
  6575 | D:7      | 6575 ||| Stepping ~*~*~tactically~*~*~ (stealth).
  6843 | D:7      | 6843 ||| Stepping ~*~*~tactically~*~*~ (hiding).
  6849 | D:7      | Reached skill level 11 in Axes
  6849 | D:7      | 6849 ||| Stepping ~*~*~tactically~*~*~ (stealth).
  6852 | D:7      | 6852 ||| Stepping ~*~*~tactically~*~*~ (stealth).
  6853 | D:7      | 6853 ||| Stepping ~*~*~tactically~*~*~ (stealth).
  6854 | D:7      | 6854 ||| Stepping ~*~*~tactically~*~*~ (stealth).
  6855 | D:7      | 6855 ||| Stepping ~*~*~tactically~*~*~ (stealth).
  6856 | D:7      | 6856 ||| Stepping ~*~*~tactically~*~*~ (stealth).
  6963 | D:7      | Found a hide-covered altar of Uskayaw.
  7028 | D:7      | 7028 ||| UPGRADING to +0 plate armour.
  7038 | D:7      | 7038 ||| DROPPING +0 chain mail.
  7039 | D:7      | 7039 ||| READING scroll labelled FUOQAOCLY JYOX.
  7094 | D:8      | Noticed a white ugly thing
  7095 | D:8      | 7095 ||| Stepping ~*~*~tactically~*~*~ (stealth).
  7096 | D:8      | 7096 ||| Stepping ~*~*~tactically~*~*~ (stealth).
  7106 | D:8      | HP: 15/70 [killer bee (5)]
  7106 | D:8      | HP: 1/70 [white ugly thing (13)]
  7107 | D:8      | 7107 ||| READING scroll of teleportation.
  7107 | D:8      | Slain by a killer bee

Levels and vault maps discovered:
D:1:      sevenhm_arrival_forest_fort_small_5, layout_basic, item_on_display_a
D:2:      layout_basic, basic_altar, st_stairs_1, minmay_vboxes,
          uniq_crazy_yiuf_cottage
D:3:      layout_rooms, mainiacjoe_overflow_paths, uniq_terence
D:4:      layout_loops_ring, minmay_temple_entry_oklob
D:5:      layout_basic, nicolae_ossuary_entry_giza, uniq_prince_ribbit1
D:6:      cheibrodos_barr_body, layout_basic, uniq_blork_the_orc, uniq_maggie,
          uniq_pikel, uniq_eustachio
D:7:      layout_cave_pools, lemuel_doored_altar
D:8:      hangedman_cross_stitches, layout_cave_pools,
          nicolae_qazlal_style_of_elements, fedhas_altar_fruit_tree,
          vehumet_altar_wand_db, hellmonk_okawaru_the_only_friend_you_need
Temple:   bh_familiar_temple

Skill      XL: |  1  2  3  4  5  6  7  8  9 10 |
---------------+-------------------------------+-----
Axes           | 2 3 4 5 6 7 9 10 11 | 11.0
Fighting       | 4 5 6 8 |  8.2
Dodging        | 1 2 |  2.1
Throwing       | 1 |  1.4
Shields        | 4 5 |  5.2
Armour         | 4 |  4.9

Action                     |  1- 3 |  4- 6 |  7- 9 | 10-12 || total
---------------------------+-------+-------+-------+-------++-------
  Melee: War axe           |   135 |   191 |   281 |    94 ||   701
         Headbutt          |       |       |    22 |    14 ||    36
  Throw: Boomerang         |       |    22 |    25 |       ||    47
    Use: Scroll            |     2 |     5 |    11 |     3 ||    21
         Potion            |     1 |     2 |     1 |     1 ||     5
 Armour: Scale mail        |    80 |    82 |       |       ||   162
         Chain mail        |       |    42 |   117 |    62 ||   221
         Plate armour      |       |       |       |    20 ||    20
  Dodge: Dodged            |    65 |    68 |    70 |    64 ||   267
  Block: Buckler           |    30 |    29 |    44 |    30 ||   133

Table legend:
 A = Non-vault XP
 B = Vault XP
 C = Vault XP percentage of total XP
 D = Non-vault monster count
 E = Vault monster count
 F = Vault count percentage of total count
                 A         B        C        D         E       F
            +---------+---------+-------+---------+---------+-------
      Total |    3069 |    3596 |  54.0 |     136 |      72 |  34.6
            +---------+---------+-------+---------+---------+-------
        D:1 |      41 |       0 |   0.0 |      26 |       0 |   0.0
        D:2 |      88 |      48 |  35.3 |      21 |       9 |  30.0
        D:3 |     102 |      36 |  26.1 |      13 |       1 |   7.1
        D:4 |     318 |      59 |  15.6 |      25 |       1 |   3.8
        D:5 |     447 |     284 |  38.9 |      12 |       4 |  25.0
        D:6 |     700 |    2502 |  78.1 |      12 |      17 |  58.6
        D:7 |    1314 |       0 |   0.0 |      26 |       0 |   0.0
        D:8 |      59 |     272 |  82.2 |       1 |       3 |  75.0
    Ossuary |       0 |     395 | 100.0 |       0 |      37 | 100.0
            +---------+---------+-------+---------+---------+-------
